 Dungeon Crawl Stone Soup version 0.28.0-53-g5a82cb258f (webtiles) character file.

Game seed: 6511130012404394359

2687 Zeld the Cleaver (level 9, 0/120 (121) HPs)
             Began as a Minotaur Berserker on June 16, 2022.
             Was a Priest of Trog.
             Succumbed to a hornet's poison
             ... on level 6 of the Dungeon.
             The game lasted 00:06:15 (6524 turns).

Zeld the Cleaver (Minotaur Berserker)               Turns: 6524, Time: 00:06:15

HP:   0/120 (121)   AC: 16    Str: 26    XL:     9   Next: 38%
MP:   8/8           EV: 12    Int:  4    God:    Trog [***...]
Gold: 45            SH:  0    Dex: 10    Spells: 8/8 levels left

rFire   . . .      SeeInvis .   x - +3 rapier (venom)
rCold   . . .      Faith    .   (no shield)
rNeg    + . .      Spirit   .   b - +0 pearl dragon scales
rPois   .          Reflect  .   (helmet restricted)
rElec   .          Harm     .   e - +0 cloak
rCorr   .          Rampage  .   y - +1 pair of gloves {Stlth+}
Will    .....                   (no boots)
Stlth   ..........              j - amulet of regeneration
HPRegen 1.10/turn               (no ring)
MPRegen 0.11/turn               (no ring)

@: berserking (expiring), lethally poisoned (0 -> -24), slowed, lightly drained
A: horns 2, retaliatory headbutt
a: Renounce Religion, Berserk, Trog's Hand


You were on level 6 of the Dungeon.
You worshipped Trog.
Trog was most pleased with you.
You visited 2 branches of the dungeon, and saw 8 of its levels.

You collected 224 gold pieces.
You spent 179 gold pieces at shops.

Inventory:

Hand Weapons
 a - a +0 war axe
 x - a +3 rapier of venom (weapon)
Armour
 b - +0 pearl dragon scales (worn)
 e - a +0 cloak (worn)
 y - a +1 pair of gloves of stealth (worn)
Jewellery
 j - an amulet of regeneration (around neck)
Wands
 o - a wand of flame (14)
 A - a wand of digging (11)
Scrolls
 h - 2 scrolls of enchant weapon {unknown}
 i - 4 scrolls of teleportation {unknown}
 k - 2 scrolls of noise {unknown}
 n - a scroll of amnesia {unknown}
 p - 5 scrolls of identify {unknown}
 r - a scroll of holy word {unknown}
 s - a scroll of vulnerability {unknown}
 t - a scroll of blinking {unknown}
 u - a scroll of silence {unknown}
 v - a scroll of magic mapping {unknown}
 w - a scroll of immolation {unknown}
 z - 3 scrolls of fog {unknown}
 C - a scroll of fear {unknown}
Potions
 c - a potion of magic {unknown}
 d - 5 potions of flight
 f - 2 potions of haste {unknown}
 g - a potion of mutation {unknown}
 l - 2 potions of degeneration {unknown}
 m - 2 potions of heal wounds {unknown}
 q - a potion of brilliance {unknown}
 B - 3 potions of curing
 D - a potion of berserk rage
 E - a potion of attraction {unknown}


   Skills:
 + Level 7.8 Fighting
 * Level 10.4 Axes
 + Level 7.3 Armour
 + Level 6.5 Dodging


You had 8 spell levels left.
You didn't know any spells.
Your spell library was empty.

Dungeon Overview and Level Annotations

Branches:
Dungeon (7/15)             Temple (1/1) D:6

Altars:
Ashenzari
Cheibriados
Dithmenos
Elyvilon
Fedhas
Hepliaklqana
Kikubaaqudgha
Makhleb
Okawaru
Ru
Sif Muna
Trog
Uskayaw
Vehumet
Xom
Yredelemnul
Zin
The Shining One

Shops:
D:5 !   D:6 !


Innate Abilities, Weirdness & Mutations

You have a pair of horns on your head.
You reflexively headbutt those who attack you in melee.


Message History

You feel very sick. The hornet closely misses you. The wight barely misses you.
You furiously retaliate!
You headbutt the wight!
You destroy the wight!
Trog accepts your kill. The hornet stings you!
You are more poisoned.
You feel as though you will be slow longer.
The hornet stings you!
You are more poisoned.
You feel as though you will be slow longer.
You closely miss the hornet.
The hornet is lightly wounded.
You feel extremely sick. The hornet stings you!
* * * LOW HITPOINT WARNING * * *
You shrug off the repeated paralysis!
Unknown command.
You closely miss the hornet.
The hornet is lightly wounded.
You feel extremely sick. The hornet barely misses you. You furiously retaliate!
You headbutt the hornet. The hornet stings you.
* * * LOW HITPOINT WARNING * * *
You are lethally poisoned!
You feel as though you will be slow longer.
You closely miss the hornet. You headbutt the hornet!
The hornet is heavily wounded.
* * * LOW HITPOINT WARNING * * *
You feel extremely sick. The hornet stings you.
* * * LOW HITPOINT WARNING * * *
You are more poisoned.
You feel as though you will be slow longer.
The hornet stings you but does no damage.
Unknown command.
You hit the hornet but do no damage.
The hornet is poisoned.
You headbutt the hornet.
The hornet is heavily wounded.
You die...

####≈≈≈# ##.....## ...#≈≈≈#
##.......## .>.#≈≈≈# #........<#
...#≈≈≈### ######## #.........#
#.##≈≈≈#.###......# #>........#
#.#≈≈≈≈#..##......# #.........##
#.#≈≈≈≈#..##......# #.........##
#.#≈≈≈≈#.........y#####.......###
#.######......))@....#.........##
#.# #.:#.....[.............)..
#.# #..#...(.∩.#.......[....#.
..# #..##......####.........<.
#.######..##......# #............
........).##......# #.#.......#..
♣..#..♣...##.###..# #.##.....##..
♣♣...♣♣...##.# #..###.#..######..
♣♣♣.♣♣♣....#.# ##..#....## #..


You could see a hornet (very poisoned).

Vanquished Creatures
  A kobold demonologist (D:6)
  Eustachio (D:4)
  The ghost of pkoi the Stinger, an amateur DgVM (D:5)
  An acid dragon (D:6)
  A necrophage (D:5)
  5 ogres
  2 centaurs
  2 phantoms (D:5)
  Blork the orc (D:5)
  A wyvern zombie (D:7)
  A scorpion (D:5)
  A wyvern skeleton (D:5)
  4 wights
  A bullfrog zombie (D:6)
  A centaur zombie (D:6)
  An orc priest (D:6)
  2 gnoll shamans
  4 hounds
  2 iguanas
  Ijyb (D:3)
  Jessica (D:2)
  A bullfrog skeleton (D:4)
  A centaur skeleton (D:4)
  6 orc wizards
  9 gnolls
  7 adders
  2 worms
  3 dart slugs
  8 orcs
  7 bats
  4 endoplasms (D:1)
  4 giant cockroaches
  5 goblins
  5 hobgoblins
  3 jackals
  5 kobolds
  4 quokkas
  6 ball pythons
  4 rats
119 creatures vanquished.

Notes
Turn   | Place    | Note
-------+----------+-------------------------------------------
     0 | D:1      | Zeld the Minotaur Berserker began the quest for the Orb.
     0 | D:1      | Reached XP level 1. HP: 19/19 MP: 0/0
   390 | D:1      | Reached XP level 2. HP: 24/27 MP: 1/1
   429 | D:1      | Reached skill level 4 in Axes
   495 | D:1      | Found a faded altar of an unknown god.
   855 | D:2      | Reached XP level 3. HP: 17/33 MP: 2/2
  1066 | D:2      | Noticed Jessica
  1077 | D:2      | HP: 2/49 [dart slug/slug dart (2)]
  1078 | D:2      | Killed Jessica
  1079 | D:2      | Reached XP level 4. HP: 3/40 MP: 3/3
  1087 | D:2      | HP: 2/40 [bat (1)]
  1521 | D:2      | Reached ** piety under Trog
  2084 | D:3      | Noticed Ijyb
  2100 | D:3      | HP: 2/40 [Ijyb/puff of flame (10)]
  2102 | D:3      | Killed Ijyb
  2103 | D:3      | Reached skill level 5 in Axes
  2593 | D:3      | Reached XP level 5. HP: 47/47 MP: 4/4
  2657 | D:4      | Noticed an ogre
  3084 | D:4      | Killed an ogre
  3085 | D:4      | Reached XP level 6. HP: 30/55 MP: 5/5
  3140 | D:4      | Reached skill level 6 in Axes
  3156 | D:4      | Reached skill level 5 in Fighting
  3352 | D:4      | HP: 1/56 [ogre/+0 giant spiked club (21)]
  3356 | D:4      | Reached XP level 7. HP: 5/61 MP: 6/6
  3745 | D:5      | Entered Level 5 of the Dungeon
  3749 | D:5      | Reached skill level 7 in Axes
  3757 | D:5      | Noticed Eustachio
  3760 | D:5      | Reached skill level 5 in Armour
  4094 | D:4      | Killed Eustachio
  4302 | D:6      | Reached XP level 8. HP: 32/70 MP: 7/7
  4308 | D:6      | Reached skill level 8 in Axes
  4308 | D:6      | Reached skill level 5 in Dodging
  4409 | D:5      | Noticed Blork the orc
  4411 | D:5      | Found an iron altar of Okawaru.
  4417 | D:5      | Killed Blork the orc
  4704 | D:5      | Found a shimmering altar of Xom.
  4721 | D:5      | Found Fuep's Distillery.
  4747 | D:5      | Reached *** piety under Trog
  4822 | D:5      | Found a runed translucent gate.
  4822 | D:5      | Found a runed translucent gate.
  4822 | D:5      | Found a runed translucent gate.
  4824 | D:5      | Noticed pkoi's ghost (amateur DgVM)
  4945 | D:5      | Found a blossoming altar of Fedhas.
  4951 | D:5      | Killed pkoi's ghost
  4952 | D:5      | Reached skill level 9 in Axes
  5064 | D:6      | Found a hazy altar of Hepliaklqana.
  5199 | D:5      | Bought 2 potions of flight for 60 gold pieces
  5199 | D:5      | Bought a potion of flight for 30 gold pieces
  5199 | D:5      | Bought a potion of berserk rage for 50 gold pieces
  5292 | D:6      | Noticed a kobold demonologist
  5299 | D:6      | Noticed a red devil
  5299 | D:6      | Killed a kobold demonologist
  5300 | D:6      | Reached XP level 9. HP: 75/79 MP: 8/8
  5352 | D:6      | Reached skill level 10 in Axes
  5387 | D:6      | Found Nemaq's Distillery.
  5400 | D:6      | Bought a potion of curing for 39 gold pieces
  5429 | D:6      | Found a staircase to the Ecumenical Temple.
  5469 | D:6      | Found a glowing golden altar of the Shining One.
  5539 | Temple   | Entered the Ecumenical Temple
  6518 | D:6      | Paralysed by a hornet for 2 turns
  6524 | D:6      | Succumbed to a hornet's poison

Illustrated notes

Levels and vault maps discovered:
D:1:      wander_arrival_estate, layout_basic, basic_ecumenical_altar,
          nrook_mini_vaults
D:2:      layout_basic, minivault_4, minmay_heptomino_o4, uniq_jessica
D:3:      layout_loops_corners, uniq_ijyb
D:4:      layout_loops_ring
D:5:      layout_rooms, grunt_temple_overflow_open, okawaru_metal_pillars_1_2,
          serial_shops, nicolae_take_the_stairs, ebering_ghost_rock_garden,
          st_stairs_14, minmay_bent, uniq_eustachio, uniq_blork_the_orc
D:6:      layout_rooms, tso_oasis_becter, mainiacjoe_overflow_boulevard,
          minmay_temple_entry_poolview, serial_shops, shop, kb_rosetta
D:7:      layout_layer_cave, mainiacjoe_overflow_24_doors, serial_shops,
          kennysheep_little_box
Temple:   nicolae_temple_god_jail

Skill      XL: |  1  2  3  4  5  6  7  8  9 |
---------------+----------------------------+-----
Axes           | 4 5 6 7 9 10 | 10.4
Fighting       | 4 5 6 7 |  7.8
Armour         | 3 4 5 6 7 |  7.3
Dodging        | 3 4 6 |  6.5

Action                   |  1- 3 |  4- 6 |  7- 9 || total
-------------------------+-------+-------+-------++-------
Melee: Hand axe          |    51 |    69 |       ||   120
       Headbutt          |     5 |    19 |    35 ||    59
       War axe           |       |    54 |    33 ||    87
       Rapier            |       |       |   145 ||   145
       Punch             |       |       |     3 ||     3
Invok: Berserk           |     1 |     3 |     5 ||     9
 Stab: Sleeping          |       |     1 |       ||     1
Armor: Animal skin       |    11 |    30 |     8 ||    49
       Pearl dragon scal |       |       |    91 ||    91
Dodge: Dodged            |    30 |   105 |   129 ||   264
